 Dungeon Crawl Stone Soup version 0.25-a0-566-g062765be81 (webtiles) character file.

Game seed: 16112556487642093382, levelgen mode: deterministic

11657 Flugslaktarn the Cleaver (level 11, -4/103 HPs)
             Began as a Deep Dwarf Fighter on Feb 27, 2020.
             Was a Priest of Makhleb.
             Killed from afar by Jorgrun (75 damage)
             ... with an iron shot
             ... on level 13 of the Dungeon.
             The game lasted 00:05:20 (8253 turns).

Flugslaktarn the Cleaver (Deep Dwarf Fighter)       Turns: 8253, Time: 00:05:20

Health: -4/103     AC: 29    Str: 24    XL:     11   Next: 52%
Magic:  4/4        EV:  6    Int: 11    God:    Makhleb [***...]
Gold:   272        SH: 13    Dex: 21    Spells: 10/10 levels left

rFire    . . .     SeeInvis .   g - +5 hand axe
rCold    x . .     Gourm    .   c - +0 kite shield
rNeg     . . .     Faith    .   y - +7 plate armour of Riotenka {rF- rC- Int+3 Dex+9}
rPois    .         Spirit   .   p - +2 helmet
rElec    .         Reflect  .   B - +0 cloak
rCorr    .         Harm     .   i - +2 pair of gloves
MR       +....                  (no boots)
Stlth    ..........             (no amulet)
HPRegen  0.00/turn              f - ring of protection from fire
MPRegen  0.09/turn              (no ring)

@: non-regenerating
A: damage resistance, heal wounds, sense surroundings 2, no regeneration
a: Heal Wounds, Minor Destruction, Lesser Servant of Makhleb, Renounce Religion


You were on level 13 of the Dungeon.
You worshipped Makhleb.
Makhleb was most pleased with you.
You were not hungry.

You visited 2 branches of the dungeon, and saw 14 of its levels.

You collected 496 gold pieces.
You spent 224 gold pieces at shops.

Inventory:

Hand Weapons
 a - a +0 war axe
 g - a +5 hand axe (weapon)
   (You took it off an orc on level 6 of the Dungeon)
Armour
 b - a +0 scale mail
 c - a +0 kite shield (worn)
 i - a +2 pair of gloves (worn)
   (You found it on level 1 of the Dungeon)
 p - a +2 helmet (worn)
   (You found it on level 9 of the Dungeon)
 y - the +7 plate armour of Riotenka (worn) {rF- rC- Int+3 Dex+9}
   (You found it on level 6 of the Dungeon)

   It affects your intelligence (+3).
   It affects your dexterity (+9).
   It makes you vulnerable to fire.
   It makes you vulnerable to cold.
   If you remove this armour, your AC will decrease by 21 (29 -> 8).
 B - a +0 cloak (worn)
   (You found it on level 7 of the Dungeon)
Jewellery
 f - a ring of protection from fire (left hand)
   (You found it on level 5 of the Dungeon)
 l - a +4 ring of protection {unknown}
   (You found it on level 8 of the Dungeon)
 m - an uncursed ring of poison resistance {unknown}
   (You found it on level 10 of the Dungeon)
 n - an uncursed ring of fire {unknown}
   (You found it on level 8 of the Dungeon)
 E - an uncursed ring of ice
   (You found it on level 8 of the Dungeon)
 H - the amulet "Mouc Tio" {Harm *Drain rPois rF+ rN+ Stlth+, unknown}
   (You found it on level 12 of the Dungeon)

   [amulet of harm]

   It increases damage dealt and taken.
   It protects you from fire.
   It protects you from poison.
   It protects you from negative energy.
   It causes draining when unequipped.
   It makes you more stealthy.
 I - an uncursed ring of poison resistance {unknown}
   (You found it on level 12 of the Dungeon)
 J - an uncursed ring of protection from magic {unknown}
   (You found it on level 12 of the Dungeon)
Wands
 v - a wand of digging (7)
   (You took it off Blork the orc on level 6 of the Dungeon)
 D - a wand of clouds (6)
   (You found it on level 10 of the Dungeon)
Scrolls
 k - 2 scrolls of enchant weapon
 r - 5 scrolls of identify
 t - a scroll of teleportation
 u - a scroll of amnesia {unknown}
 w - 5 scrolls of remove curse
 F - a scroll of blinking {unknown}
Potions
 d - 3 potions of might
 h - 2 potions of haste
 j - 9 potions of brilliance
 o - 3 potions of curing {unknown}
 q - a potion of berserk rage {unknown}
 s - a potion of mutation {unknown}
 x - a potion of flight {unknown}
 z - 2 potions of resistance {unknown}
 A - a potion of magic {unknown}
 C - a potion of heal wounds {unknown}
Comestibles
 e - 23 rations


   Skills:
 + Level 7.9 Fighting
 * Level 12.3 Axes
 + Level 9.4 Armour
 + Level 9.4 Shields
 - Level 6.0 Invocations


You had 10 spell levels left.
You didn't know any spells.
Your spell library was empty.

Dungeon Overview and Level Annotations

Branches:
Dungeon (13/15)            Temple (1/1) D:7            Lair (0/6) D:9
    Orc (0/2) D:11
 Vaults: D:13-14

Altars:
Ashenzari
Cheibriados
Dithmenos
Elyvilon
Fedhas
Gozag
Hepliaklqana
Kikubaaqudgha
Makhleb
Nemelex Xobeh
Okawaru
Qazlal
Ru
Sif Muna
Trog
Uskayaw
Vehumet
Wu Jian
Xom
Yredelemnul
Zin
The Shining One

Shops:
D:9 ?   D:10 *

Annotations:
D:13 Jorgrun


Innate Abilities, Weirdness & Mutations

You are resistant to damage.
You can heal yourself by infusing magical energy.
You passively map the area around you.
You do not regenerate.


Message History

Jorgrun is moderately wounded.
You barely miss Jorgrun.
Jorgrun is moderately wounded.
Jorgrun hits you but does no damage.
You barely miss Jorgrun.
Jorgrun is moderately wounded.
Jorgrun says, "May tha earth consume ye!"
Jorgrun hits you with a +0 vorpal quarterstaff.
You closely miss Jorgrun.
Jorgrun is moderately wounded.
Your plate armour of Riotenka prevents you from hitting Jorgrun.
Jorgrun is moderately wounded.
Your hellwing swoops through the air toward Jorgrun!
Your hellwing misses Jorgrun. Your hellwing hits Jorgrun.
Your smoke demon closely misses Jorgrun.
Your smoke demon barely misses Jorgrun. x2
Jorgrun points at you and mumbles some strange words.
The iron shot hits you!!!!
Ouch! That really hurt!
You die...

, , *, , *** , * #. , ,
##....$.# *## #..# ☼.......##
#.., ....# *#........# #..
*#..... * * #..[....# ...
###..#*.# * #.......##.#
#...* .#####
#..........####.# ##.#...#
#..........4g@.)####..#...# *
#.<..†#..3.....##.##...# *
*#.$..####..#.#.........#
.......##<#**#.##...........#
.###### #......######.###...#
* ####.#.# #.# #...# #.#.*
#.# #...# * ** #,#.
#.#*#...#* ** * * #.. .....


You could see Jorgrun, a friendly hellwing and a friendly smoke demon.

Vanquished Creatures
  A two-headed ogre (D:9)
  2 centaur warriors (D:11)
  Urug (D:12)
  An ugly thing (D:11)
  2 cyclopes (D:11)
  A komodo dragon (D:9)
  Maggie (D:6)
  An efreet (D:13)
  2 trolls
  A hornet (D:11)
  A hippogriff (D:11)
  4 hogs (D:7)
  A wyvern (D:10)
  A human (D:7)
  2 hungry ghosts
  A water moccasin (D:9)
  8 orc warriors
  2 ice beasts
  3 black bears
  A sky beast (D:12)
  4 ogres
  10 centaurs
  Blork the orc (D:6)
  2 big kobolds
  4 bullfrogs
  A wyvern skeleton (D:13)
  7 scorpions
  11 killer bees
  6 wights (D:6)
  A howler monkey (D:4)
  2 jellies
  A quasit (D:12)
  A gnoll shaman (D:4)
  3 orc priests
  2 bullfrog skeletons
  4 hounds
  9 orc wizards
  A centaur skeleton (D:6)
  3 iguanas
  4 worker ants
  A killer bee zombie (D:5)
  2 hound zombies
  2 worker ant zombies
  12 adders
  18 gnolls
  3 shadow imps
  An ooze (D:1)
  2 adder skeletons
  2 adder zombies
  A worm (D:3)
  2 dart slugs
  4 leopard geckos
  31 orcs
  4 ball pythons
  2 bats (D:2)
  3 giant cockroaches
  2 goblins (D:2)
  10 jackals
  2 quokkas
  4 frilled lizards
  A jackal skeleton (D:5)
  11 kobolds
  A leopard gecko skeleton (D:5)
235 creatures vanquished.

Vanquished Creatures (others)
  An orc (D:13)
  7 plants (D:9)
8 creatures vanquished.

Grand Total: 243 creatures vanquished

Notes
Turn   | Place    | Note
-------+----------+-------------------------------------------
     0 | D:1      | Flugslaktarn the Deep Dwarf Fighter began the quest for the
                  | Orb.
     0 | D:1      | Reached XP level 1. HP: 20/20 MP: 1/1
   220 | D:1      | Reached XP level 2. HP: 22/27 MP: 2/2
   340 | D:2      | Found a shadowy altar of Dithmenos.
   500 | D:3      | Reached skill level 3 in Axes
   500 | D:3      | Reached XP level 3. HP: 28/33 MP: 3/3
   541 | D:4      | Found a sparkling altar of Nemelex Xobeh.
   549 | D:4      | Reached XP level 4. HP: 34/42 MP: 4/4
   631 | D:4      | Reached skill level 4 in Axes
   631 | D:4      | Reached XP level 5. HP: 27/49 MP: 5/5
   681 | D:4      | Reached XP level 6. HP: 32/56 MP: 6/6
   948 | D:4      | Reached skill level 5 in Axes
   959 | D:4      | Found a sacrificial altar of Ru.
  1137 | D:5      | Entered Level 5 of the Dungeon
  1214 | D:5      | Reached XP level 7. HP: 56/64 MP: 7/7
  1262 | D:5      | Reached skill level 5 in Armour
  1262 | D:5      | Reached skill level 5 in Shields
  1284 | D:5      | Reached skill level 6 in Axes
  2054 | D:5      | Found a hide-covered altar of Uskayaw.
  2176 | D:6      | Found an ornate altar of the Wu Jian Council.
  2226 | D:6      | Reached XP level 8. HP: 62/73 MP: 6/6
  2257 | D:6      | Reached skill level 7 in Axes
  2367 | D:6      | Noticed Blork the orc
  2381 | D:6      | Killed Blork the orc
  2381 | D:6      | Reached skill level 5 in Fighting
  2466 | D:6      | Got an ancient plate armour
  2477 | D:6      | Identified the +7 plate armour of Riotenka {rF- rC- Int+3
                  | Dex+9} (You found it on level 6 of the Dungeon)
  2676 | D:6      | Found a shimmering blue altar of Sif Muna.
  2751 | D:6      | Noticed Maggie
  2762 | D:6      | Killed Maggie
  2762 | D:6      | Reached skill level 8 in Axes
  3148 | D:7      | Gained mutation: You passively map the area around you.
                  | [Deep Dwarf growth]
  3148 | D:7      | Reached XP level 9. HP: 53/81 MP: 5/5
  3458 | D:7      | Reached skill level 9 in Axes
  3521 | D:7      | Found a staircase to the Ecumenical Temple.
  3629 | Temple   | Entered the Ecumenical Temple
  3837 | Temple   | Became a worshipper of Makhleb the Destroyer
  4530 | D:8      | Found an opulent altar of Gozag.
  4597 | D:9      | Noticed a two-headed ogre
  4611 | D:9      | Killed a two-headed ogre
  4621 | D:9      | Reached skill level 10 in Axes
  4672 | D:9      | Reached XP level 10. HP: 52/92 MP: 6/8
  4690 | D:9      | Found Awuleske's Magic Scroll Emporium.
  4698 | D:9      | Bought a scroll of enchant armour for 112 gold pieces
  4698 | D:9      | Bought a scroll of enchant armour for 112 gold pieces
  4927 | D:9      | Found a white marble altar of Elyvilon.
  4955 | D:9      | Found a blossoming altar of Fedhas.
  5118 | D:9      | Found an ancient bone altar of Kikubaaqudgha.
  5131 | D:9      | Found a staircase to the Lair.
  5223 | D:9      | Reached * piety under Makhleb
  5414 | D:10     | Entered Level 10 of the Dungeon
  5425 | D:10     | Found Jupoh's Assorted Antiques.
  6228 | D:11     | Noticed a brown ugly thing
  6238 | D:11     | Reached skill level 11 in Axes
  6249 | D:11     | Reached ** piety under Makhleb
  6257 | D:11     | Killed a brown ugly thing
  6257 | D:11     | Reached skill level 5 in Invocations
  6293 | D:11     | Noticed a cyclops
  6310 | D:11     | Killed a cyclops
  6453 | D:11     | Noticed a centaur warrior
  6470 | D:11     | Killed a centaur warrior
  6470 | D:11     | Reached XP level 11. HP: 80/100 MP: 8/8
  6524 | D:11     | Noticed a centaur warrior
  6540 | D:11     | Killed a centaur warrior
  6772 | D:11     | Found a staircase to the Orcish Mines.
  6874 | D:11     | Reached skill level 12 in Axes
  7209 | D:12     | Reached *** piety under Makhleb
  7219 | D:12     | Noticed Urug
  7246 | D:12     | Killed Urug
  7346 | D:12     | Got a scintillating crystal amulet
  8038 | D:13     | Noticed Jorgrun
  8253 | D:13     | Killed from afar by Jorgrun

Levels and vault maps discovered:
D:1:      sevenhm_arrival_forest_fort_large_2, layout_basic, lemuel_old_faithful
D:2:      layout_rooms, grunt_dithmenos_smoke, first_ration
D:3:      layout_loops_corners, minmay_shallow_snake_nest, uniq_robin
D:4:      layout_rooms, lemuel_crystal_altar, chequers_serial_rivers_small_a,
          nicolae_ru_awakened_eye
D:5:      layout_basic, kennysheep_little_box
D:6:      layout_basic, lemuel_crystal_altar, hangedman_decor_lopped,
          kennysheep_flooded_box, uniq_maggie, uniq_blork_the_orc
D:7:      layout_rooms, minmay_temple_entry_gardened_gates, serial_glass,
          glass_columns_a, glass_columns_b, grunt_livestock
D:8:      layout_loops_ring, grunt_gozag_breadcrumbs
D:9:      layout_loops_ring, lemuel_doored_altar, kennysheep_mini,
          david_lair_shrubbed, serial_shops, nicolae_shop_stone,
          fedhas_ov_isle_minmay
D:10:     layout_loops_corners, serial_shops, shop, minmay_chambers_of_fives
D:11:     layout_stronghold, orc_david_3, minmay_misc_feat_x
D:12:     layout_loops_ring, uniq_urug
D:13:     layout_rooms, ebering_ghost_funeral_grove, kennysheep_generic_room_2,
          uniq_jorgrun
Temple:   regret_index_temple_generic_petals

Skill      XL: |  1  2  3  4  5  6  7  8  9 10 11 |
---------------+----------------------------------+-----
Axes           | 3 4 5 6 8 10 11 12 | 12.3
Fighting       | 3 4 5 6 7 |  7.9
Armour         | 4 5 6 7 8 9 |  9.4
Shields        | 4 5 6 7 8 9 |  9.4
Invocations    | 2 5 6 |  6.0

Action                   |  1- 3 |  4- 6 |  7- 9 | 10-12 || total
-------------------------+-------+-------+-------+-------++-------
Melee: War axe           |    64 |   122 |   210 |       ||   396
       Hand axe          |       |       |   178 |   535 ||   713
Invok: Lesser Servant of |       |       |       |     2 ||     2
 Abil: Heal Wounds       |     1 |     8 |    15 |    21 ||    45
  Use: Scroll            |       |       |    11 |     3 ||    14
  Eat: Chunk             |       |     1 |     9 |    11 ||    21
       Ration            |       |       |     1 |     2 ||     3
Armor: Scale mail        |    38 |   101 |    99 |       ||   238
       Plate armour      |       |       |    93 |   321 ||   414
Dodge: Dodged            |    27 |    38 |   104 |   109 ||   278
Block: Kite shield       |    43 |    83 |   246 |   342 ||   714

Table legend:
 A = Non-vault XP
 B = Vault XP
 C = Vault XP percentage of total XP
 D = Non-vault monster count
 E = Vault monster count
 F = Vault count percentage of total count
                 A         B        C        D         E       F
            +---------+---------+-------+---------+---------+-------
      Total |   12894 |    3759 |  22.6 |     214 |      21 |   8.9
            +---------+---------+-------+---------+---------+-------
        D:1 |      22 |       0 |   0.0 |       8 |       0 |   0.0
        D:2 |      12 |       0 |   0.0 |       7 |       0 |   0.0
        D:3 |      62 |       0 |   0.0 |       9 |       0 |   0.0
        D:4 |     511 |       0 |   0.0 |      28 |       0 |   0.0
        D:5 |     773 |       0 |   0.0 |      24 |       0 |   0.0
        D:6 |     765 |     470 |  38.1 |      22 |       2 |   8.3
        D:7 |     440 |     991 |  69.3 |      12 |       5 |  29.4
        D:8 |     234 |       0 |   0.0 |       8 |       0 |   0.0
        D:9 |    2492 |     378 |  13.2 |      25 |       1 |   3.8
       D:10 |     976 |     535 |  35.4 |      24 |       5 |  17.2
       D:11 |    5464 |     538 |   9.0 |      27 |       7 |  20.6
       D:12 |     717 |     847 |  54.2 |      18 |       1 |   5.3
       D:13 |     426 |       0 |   0.0 |       2 |       0 |   0.0
            +---------+---------+-------+---------+---------+-------
